 Dungeon Sprint DCSS version 0.17-a0-1718-g72dbe4d (webtiles) character file.

56626 Kidiri the Impregnable (level 14, 0/138 HPs)
             Began as a Minotaur Fighter on Aug 24, 2015.
             Was the Champion of Okawaru.
             Slain by Boris (1 damage)
             ... in the Dungeon (Sprint VII: "The Pits").
             The game lasted 00:24:17 (4233 turns).

Kidiri the Impregnable (Minotaur Fighter)           Turns: 4233, Time: 00:24:17

Health: 0/138      AC: 37    Str: 35    XL:     14   Next: 42%
Magic:  17/23      EV: 18    Int:  3    God:    Okawaru [******]
Gold:   45         SH: 24    Dex:  9    Spells: 0 memorised, 13 levels left

rFire  + + +     SeeInvis .     v - +6 war axe (freeze)
rCold  + + +     Clarity  .     u - +2 gold dragon armour
rNeg   + . .     SustAt   .     r - -4 large shield of a sewer {Stlth+}
rPois  +         Gourm    .     I - -2 hat of the Alchemist {rElec rPois rF+ rC+ rN+ MR+ rMut rCorr}
rElec  +         Spirit   .     b - +2 cloak "Rucwam" {rPois rC+ Int-2}
rCorr  +         Warding  .     E - +1 pair of gloves {archery}
rMut   +         NoTele   +     w - +1 pair of boots
MR     ++...                    (no amulet)
Stlth  ..........               t - +3 ring of strength
                                s - +3 ring of evasion

@: mighty, heroism, finesse, very slightly contaminated, drained, very resistant
to hostile enchantments, extremely unstealthy
A: retaliatory headbutt, horns 2, fire resistance 1
a: Heroism, Finesse, Renounce Religion


You were in the Dungeon.
You worshipped Okawaru.
Okawaru was exalted by your worship.
You were not hungry.

You visited 1 branch You collected 45 gold pieces.

Inventory:

Hand weapons
 v - a +6 war axe of freezing (weapon)
Armour
 b - the +2 cloak "Rucwam" (worn) {rPois rC+ Int-2}
   (Okawaru gifted it to you in the Dungeon)

   It affects your intelligence (-2).
   It protects you from cold.
   It protects you from poison.
 r - the -4 large shield of a sewer (worn) {Stlth+}
   (Okawaru gifted it to you in the Dungeon)

   It makes you more stealthy.
 u - a +2 gold dragon armour (worn)
 w - a +1 pair of boots (worn)
 E - a +1 pair of gloves of archery (worn)
 I - the -2 hat of the Alchemist (worn) {rElec rPois rF+ rC+ rN+ MR+ rMut rCorr}
   (You found it in the Dungeon)

   It protects you from fire.
   It protects you from cold.
   It insulates you from electricity.
   It protects you from poison.
   It protects you from negative energy.
   It affects your resistance to hostile enchantments.
   It protects you from acid and corrosion.
   It protects you from mutation.
Jewellery
 s - a +3 ring of evasion (left hand)
 t - a +3 ring of strength (right hand)
Scrolls
 c - a scroll of fog
 o - 4 scrolls of remove curse
 p - 6 scrolls of amnesia
 q - a scroll of summoning
 y - 2 scrolls of fear
 B - 2 scrolls of identify
 D - 3 scrolls of recharging
Potions
 d - a potion of might
 f - 9 potions of curing
 g - 3 potions of heal wounds
 h - 2 potions of haste
 i - 4 potions of magic
 j - 5 potions of berserk rage
 n - a potion of invisibility
 z - a potion of resistance
 A - a potion of agility
 C - a potion of brilliance
Comestibles
 a - 4 chunks of flesh
 e - 8 bread rations
 l - 40 fruits
 m - 7 meat rations
 J - 6 royal jellies


   Skills:
 + Level 16.3(21.1) Fighting
 * Level 21.5(26.3) Axes
 * Level 21.7(26.4) Armour
 + Level 14.9(19.7) Dodging
 * Level 21.7(26.4) Shields
 + Level 13.7(13.5) Invocations


You had 13 spell levels left.
You didn't know any spells.

Dungeon Overview and Level Annotations

Branches:
Dungeon (1/1)

Altars:
Ashenzari
Cheibriados
Dithmenos
Elyvilon
Fedhas
Gozag
Kikubaaqudgha
Makhleb
Nemelex Xobeh
Okawaru
Qazlal
Ru
Sif Muna
Trog
Vehumet
Xom
Yredelemnul
Zin
The Shining One
Beogh
Jiyva
Lugonu

Annotations:
D Boris


Innate Abilities, Weirdness & Mutations

You reflexively headbutt those who attack you in melee.
You have a pair of horns on your head.
Your flesh is heat resistant.


Message History

Something hits you!
* * * LOW HITPOINT WARNING * * *
Something touches you.
* * * LOW HITPOINT WARNING * * *
You block the merfolk impaler's attack.
Drink which item? (? for menu, Esc to quit)
You feel much better. The ancient lich completely misses you.
You furiously retaliate!
You headbutt the ancient lich! You block the ice dragon's attack. x2
The ice dragon tramples you.
You hold your ground!
The reaper hits you from afar with a scythe of venom!!
* * * LOW HITPOINT WARNING * * *
You block the merfolk's attack.
The merfolk impaler hits you but does no damage.
Space warps horribly around you!
* * * LOW HITPOINT WARNING * * *
You block its attack. Something touches you.
* * * LOW HITPOINT WARNING * * *
You partially resist.
You feel drained.
You die... ## ## ..o#### ####... ooooZm2

....... ooo2Oek##.......
oooTm.D)[oD.....
hoL####'†####... #####++#####
####....oh.3#### #..........#
##......##.ZO2mL#####..........#
............me2.@).''..#....#..#
.....)......1TmD.)(('..........#
#####################..........#
#####################..#....#..#
...................++..........#
........)..........++..........#
.#######+########..##..#....#..#
.##.#.#[#"#.#.#.#..##..........+
.#.#.#)#)#}#.#.##..##..........+


You could see an ancient lich, an Ice Fiend, an ice dragon, a merfolk impaler, a
reaper, a balrug, a hell hog, a soul eater, 2 merfolk, a deep elf demonologist,
a troll, an orc warrior (frenzied), an ogre and a quokka simulacrum.

Vanquished Creatures
  2 bone dragons (D)
  A deep elf master archer (D)
  A greater naga (D)
  2 fire giants (D)
  A ghost moth (D)
  2 orc warlords (D)
  An ophan (D)
  A mummy priest (D)
  A blizzard demon (D)
  A vault guard (D)
  An ettin (D)
  A merfolk impaler (D)
  2 yaktaur captains (D)
  2 hydras (D)
  A catoblepas (D)
  An ice dragon (D)
  A naga warrior (D)
  A great orb of eyes (D)
  A deep troll shaman (D)
  An alligator snapping turtle (D)
  A dancing weapon (D)
  A merfolk aquamancer (D)
  A death yak (D)
  Urug (D)
  5 hell hogs (D)
  3 deep elf knights (D)
  A soul eater (D)
  A deep troll earth mage (D)
  2 sun demons (D)
  An unseen horror (D)
  2 large abominations (D)
  9 orc knights (D)
  4 deep trolls (D)
  4 flayed ghosts (D)
  2 lindwurms (D)
  A necromancer (D)
  An orc sorcerer (D)
  A wolf spider (D)
  A hill giant (D)
  An octopode (shapeshifter) (D)
  An elephant (D)
  A smoke demon (D)
  2 spiny frogs (D)
  2 guardian serpents (D)
  A molten gargoyle (D)
  2 kobold demonologists (D)
  5 yaktaurs (D)
  A guardian mummy (D)
  2 efreet (D)
  A hellwing (D)
  6 merfolk (D)
  A fire drake (D)
  A wandering mushroom (D)
  A polar bear (D)
  A jumping spider (D)
  A snapping turtle (D)
  A bog body (D)
  A two-headed ogre (D)
  A vampire (D)
  A spriggan (D)
  A trapdoor spider (D)
  A deep elf fighter (D)
  A deep elf mage (D)
  A basilisk (D)
  2 wyverns (D)
  2 hippogriffs (D)
  4 water elementals (D)
  A steam dragon (D)
  2 neqoxecs (D)
  A ynoxinul (D)
  2 fire elementals (D)
  A mottled dragon (D)
  2 hungry ghosts (D)
  A warg (D)
  3 wolves (D)
  A soldier ant (D)
  2 ice beasts (D)
  A sky beast (D)
  A necrophage (D)
  A centaur (D)
  A crocodile (D)
  2 big kobolds (D)
  A giant frog (D)
  A gnoll sergeant (D)
  An earth elemental (D)
  7 killer bees (D)
  2 scorpions (D)
  A crimson imp (D)
  A gnoll shaman (D)
  An orc wizard (D)
  2 quasits (D)
  2 orc priests (D)
  2 worker ants (D)
  9 gnolls (D)
  A river rat (D)
  2 giant eyeballs (D)
  2 white imps (D)
  2 adder skeletons (D)
  A worm (D)
  2 orcs (D)
  A bat zombie (D)
  2 giant cockroaches (D)
  2 kobolds (D)
  A bat simulacrum (D)
  A giant cockroach zombie (D)
  A goblin (D)
  A quokka (D)
  A rat (D)
185 creatures vanquished.

Vanquished Creatures (others)
  A yaktaur captain (D)
  A deep elf knight (D)
  An orc knight (D)
  A yaktaur (D)
  A killer bee (D)
5 creatures vanquished.

Grand Total: 190 creatures vanquished

Notes
Turn   | Place    | Note
--------------------------------------------------------------
     0 | D        | Kidiri the Minotaur Fighter began the quest for the Orb.
     0 | D        | Reached XP level 1. HP: 19/19 MP: 0/0
    31 | D        | Reached skill level 4 in Fighting
    31 | D        | Reached skill level 1 in Dodging
    31 | D        | Reached XP level 2. HP: 16/27 MP: 1/1
   178 | D        | Found a sacrificial altar of Ru.
   178 | D        | Found a basalt altar of Yredelemnul.
   178 | D        | Found a shadowy altar of Dithmenos.
   178 | D        | Found a deep blue altar of Sif Muna.
   178 | D        | Found a burning altar of Makhleb.
   178 | D        | Found a shimmering altar of Xom.
   178 | D        | Found an ancient bone altar of Kikubaaqudgha.
   178 | D        | Found a sparkling altar of Nemelex Xobeh.
   179 | D        | Found a glowing golden altar of the Shining One.
   179 | D        | Found a bloodstained altar of Trog.
   179 | D        | Found a shattered altar of Ashenzari.
   179 | D        | Found a white marble altar of Elyvilon.
   179 | D        | Found a snail-covered altar of Cheibriados.
   179 | D        | Found a blossoming altar of Fedhas.
   179 | D        | Found a radiant altar of Vehumet.
   179 | D        | Found a glowing silver altar of Zin.
   179 | D        | Found a corrupted altar of Lugonu.
   179 | D        | Found a viscous altar of Jiyva.
   179 | D        | Found a roughly hewn altar of Beogh.
   179 | D        | Found an iron altar of Okawaru.
   185 | D        | Found a stormy altar of Qazlal.
   186 | D        | Found an opulent altar of Gozag.
   188 | D        | Became a worshipper of Warmaster Okawaru
   240 | D        | Paralysed by a giant eyeball for 4 turns
   246 | D        | Reached skill level 5 in Shields
   257 | D        | Noticed a worker ant
   257 | D        | Noticed a worker ant
   261 | D        | Killed a worker ant
   261 | D        | Reached skill level 5 in Armour
   261 | D        | Reached skill level 1 in Invocations
   261 | D        | Reached XP level 3. HP: 29/34 MP: 2/2
   267 | D        | Killed a worker ant
   267 | D        | Reached skill level 5 in Axes
   267 | D        | Reached XP level 4. HP: 30/41 MP: 2/4
   268 | D        | Noticed a necrophage
   281 | D        | Killed a necrophage
   281 | D        | Acquired Okawaru's first power
   281 | D        | Reached skill level 5 in Fighting
   281 | D        | Reached skill level 6 in Axes
   281 | D        | Reached skill level 7 in Armour
   281 | D        | Reached XP level 5. HP: 23/49 MP: 3/6
   465 | D        | Noticed a scorpion
   468 | D        | Noticed a sky beast
   469 | D        | Noticed a crimson imp
   474 | D        | Killed a scorpion
   475 | D        | Killed a crimson imp
   478 | D        | Reached skill level 8 in Shields
   488 | D        | Killed a sky beast
   488 | D        | Reached XP level 6. HP: 30/58 MP: 7/7
   668 | D        | Noticed a hungry ghost
   673 | D        | Killed a hungry ghost
   673 | D        | Reached skill level 9 in Armour
   673 | D        | Reached skill level 5 in Dodging
   679 | D        | Noticed an orc knight
   700 | D        | Killed an orc knight
   700 | D        | Reached skill level 10 in Axes
   700 | D        | Reached skill level 10 in Armour
   700 | D        | Reached skill level 10 in Shields
   700 | D        | Reached skill level 5 in Invocations
   700 | D        | Reached XP level 7. HP: 25/68 MP: 8/10
   904 | D        | Noticed a scorpion
   904 | D        | Noticed a giant frog
   906 | D        | Killed a giant frog
   906 | D        | Reached XP level 8. HP: 74/74 MP: 8/11
   911 | D        | Killed a scorpion
   929 | D        | Noticed a soldier ant
   935 | D        | Killed a soldier ant
  1074 | D        | Noticed a gnoll sergeant
  1074 | D        | Noticed an elephant
  1082 | D        | Killed a gnoll sergeant
  1082 | D        | Reached skill level 11 in Shields
  1090 | D        | Killed an elephant
  1142 | D        | Noticed a steam dragon
  1143 | D        | Noticed a hungry ghost
  1147 | D        | Killed a steam dragon
  1152 | D        | Killed a hungry ghost
  1327 | D        | Noticed an efreet
  1327 | D        | Noticed a jumping spider
  1333 | D        | Killed a jumping spider
  1333 | D        | Reached skill level 12 in Shields
  1333 | D        | Reached XP level 9. HP: 83/83 MP: 9/12
  1337 | D        | Killed an efreet
  1346 | D        | Noticed a warg
  1346 | D        | Noticed a flayed ghost
  1349 | D        | Killed a warg
  1360 | D        | Killed a flayed ghost
  1427 | D        | Noticed a lindwurm
  1432 | D        | Killed a lindwurm
  1432 | D        | Acquired Okawaru's second power
  1432 | D        | Reached skill level 13 in Shields
  1446 | D        | Noticed a killer bee
  1446 | D        | Noticed a killer bee
  1446 | D        | Noticed a killer bee
  1446 | D        | Noticed a killer bee
  1446 | D        | Noticed a killer bee
  1449 | D        | Killed a killer bee
  1452 | D        | Killed a killer bee
  1452 | D        | Reached skill level 10 in Fighting
  1457 | D        | Killed a killer bee
  1458 | D        | Killed a killer bee
  1459 | D        | Killed a killer bee
  1665 | D        | Noticed a wandering mushroom
  1669 | D        | Noticed a flayed ghost
  1672 | D        | Noticed a crocodile
  1672 | D        | Noticed a killer bee
  1673 | D        | Noticed a catoblepas
  1675 | D        | Noticed a killer bee
  1676 | D        | Noticed a killer bee
  1679 | D        | Noticed a mottled dragon
  1679 | D        | Killed a flayed ghost
  1679 | D        | Reached XP level 10. HP: 93/93 MP: 7/14
  1686 | D        | Noticed a merfolk
  1691 | D        | Killed an unseen horror
  1694 | D        | Killed a killer bee
  1695 | D        | Noticed a hell hog
  1696 | D        | Noticed a hell hog
  1697 | D        | Noticed an efreet
  1723 | D        | Killed an efreet
  1727 | D        | Killed a killer bee
  1733 | D        | Killed a merfolk
  1733 | D        | Reached skill level 14 in Shields
  1734 | D        | HP: 1/94 [hell hog/sticky flame (11)]
  1759 | D        | Noticed a basilisk
  1762 | D        | Killed a mottled dragon
  1777 | D        | Killed a basilisk
  1778 | D        | Killed a hell hog
  1783 | D        | Killed a hell hog
  1786 | D        | Killed a crocodile
  1813 | D        | Killed a catoblepas
  1813 | D        | Received a gift from Okawaru
  1814 | D        | Killed a killer bee
  1819 | D        | Killed a wandering mushroom
  1829 | D        | Got a warped cloak {god gift}
  1840 | D        | Identified the +2 cloak "Rucwam" {rPois rC+ Int-2} (Okawaru gifted it to you in the Dungeon)
  2198 | D        | Noticed a gnoll shaman
  2198 | D        | Noticed a kobold demonologist
  2198 | D        | Noticed a big kobold
  2198 | D        | Noticed an ice beast
  2199 | D        | Noticed an orc priest
  2199 | D        | Noticed a big kobold
  2200 | D        | Noticed an orc priest
  2201 | D        | Noticed a ynoxinul
  2202 | D        | Noticed a snapping turtle
  2202 | D        | Noticed an orc wizard
  2202 | D        | Noticed a hippogriff
  2202 | D        | Noticed a quasit
  2203 | D        | Noticed a quasit
  2205 | D        | Noticed a flayed ghost
  2205 | D        | Killed a kobold demonologist
  2205 | D        | Killed a gnoll shaman
  2206 | D        | Noticed a wyvern
  2206 | D        | Noticed a guardian mummy
  2207 | D        | Killed an orc priest
  2210 | D        | Noticed Urug
  2210 | D        | Killed a big kobold
  2211 | D        | Killed a big kobold
  2211 | D        | Reached skill level 15 in Armour
  2211 | D        | Reached skill level 15 in Shields
  2211 | D        | Reached XP level 11. HP: 102/102 MP: 9/16
  2212 | D        | Killed a ynoxinul
  2212 | D        | Killed a quasit
  2215 | D        | Killed an orc wizard
  2215 | D        | Killed a quasit
  2216 | D        | Noticed an ice beast
  2216 | D        | Killed an ice beast
  2216 | D        | Reached skill level 10 in Dodging
  2217 | D        | Killed a flayed ghost
  2217 | D        | Reached skill level 15 in Axes
  2219 | D        | Killed a hippogriff
  2223 | D        | Killed a wyvern
  2224 | D        | Killed an orc priest
  2233 | D        | Killed a snapping turtle
  2235 | D        | Killed an ice beast
  2238 | D        | Killed a guardian mummy
  2257 | D        | Killed Urug
  2321 | D        | Killed a ghost moth
  2575 | D        | Noticed an orc sorcerer
  2575 | D        | Noticed a hill giant
  2583 | D        | Killed a hill giant
  2583 | D        | Reached skill level 16 in Armour
  2585 | D        | Killed an orc sorcerer
  2597 | D        | Noticed a bog body
  2597 | D        | Noticed a fire elemental
  2597 | D        | Noticed a hippogriff
  2601 | D        | Killed a hippogriff
  2601 | D        | Killed a fire elemental
  2609 | D        | Killed a bog body
  2621 | D        | Noticed a spriggan
  2622 | D        | Noticed a sun demon
  2626 | D        | Killed a spriggan
  2632 | D        | Killed a sun demon
  2632 | D        | Received a gift from Okawaru
  2632 | D        | Reached skill level 10 in Invocations
  2635 | D        | Got a faintly glowing large shield {god gift}
  2646 | D        | Identified the -4 large shield of a sewer {Stlth+} (Okawaru gifted it to you in the Dungeon)
  2813 | D        | Noticed a greater naga
  2814 | D        | Noticed a fire drake
  2822 | D        | Killed a fire drake
  2823 | D        | Killed a greater naga
  2837 | D        | Noticed a hellwing
  2837 | D        | Noticed a hornet
  2840 | D        | a hornet changed into an octopode
  2841 | D        | Killed a hellwing
  2850 | D        | Gained mutation: Scrolls take you a little longer to read. [mutagenic meat]
  2927 | D        | Noticed a trapdoor spider
  2930 | D        | Killed a trapdoor spider
  2930 | D        | Reached XP level 12. HP: 100/113 MP: 18/18
  3092 | D        | Noticed a guardian serpent
  3092 | D        | Noticed a molten gargoyle
  3092 | D        | Noticed an alligator snapping turtle
  3092 | D        | Noticed a merfolk aquamancer
  3092 | D        | Noticed a water elemental
  3092 | D        | Noticed a water elemental
  3092 | D        | Noticed a water elemental
  3092 | D        | Noticed a fire giant
  3092 | D        | Noticed a polar bear
  3094 | D        | Noticed a guardian serpent
  3097 | D        | Noticed a two-headed ogre
  3097 | D        | Noticed an eight-headed hydra
  3097 | D        | Killed a guardian serpent
  3103 | D        | Killed a 13-headed hydra
  3103 | D        | Reached skill level 17 in Armour
  3106 | D        | Noticed a spiny frog
  3114 | D        | Killed a merfolk aquamancer
  3117 | D        | Killed a water elemental
  3121 | D        | Killed a spiny frog
  3125 | D        | Killed a molten gargoyle
  3126 | D        | Killed an alligator snapping turtle
  3127 | D        | Noticed a merfolk
  3127 | D        | Killed a water elemental
  3131 | D        | Noticed a neqoxec
  3132 | D        | Noticed a merfolk
  3135 | D        | Killed a fire giant
  3136 | D        | Noticed a deep elf fighter
  3136 | D        | Noticed a water elemental
  3137 | D        | Killed a water elemental
  3138 | D        | Killed a merfolk
  3139 | D        | Noticed a large abomination
  3140 | D        | Killed a two-headed ogre
  3141 | D        | Killed a deep elf fighter
  3142 | D        | Killed a water elemental
  3145 | D        | Noticed a merfolk impaler
  3146 | D        | Killed a polar bear
  3147 | D        | Noticed a neqoxec
  3147 | D        | Noticed a merfolk
  3147 | D        | Noticed a necromancer
  3147 | D        | Gained mutation: Your flesh is heat resistant. [a neqoxec]
  3149 | D        | Killed a neqoxec
  3150 | D        | Killed a merfolk
  3151 | D        | Noticed a wyvern
  3152 | D        | Noticed a flayed ghost
  3153 | D        | Killed a guardian serpent
  3153 | D        | Killed a wyvern
  3153 | D        | Reached skill level 18 in Armour
  3156 | D        | Noticed a merfolk
  3156 | D        | Killed a flayed ghost
  3156 | D        | Received a gift from Okawaru
  3160 | D        | Killed a merfolk
  3162 | D        | Noticed a spiny frog
  3163 | D        | Killed a spiny frog
  3172 | D        | Killed a merfolk impaler
  3173 | D        | Killed a large abomination
  3174 | D        | Gained mutation: Your body sometimes deteriorates upon taking damage. [a neqoxec]
  3178 | D        | Killed a neqoxec
  3181 | D        | Killed a merfolk
  3184 | D        | Killed a necromancer
  3186 | D        | Got the amulet of Leon Afe {Inacc Dex+5}
  3190 | D        | Gained mutation: Your body often deteriorates upon taking damage. [mutagenic meat]
  3191 | D        | Gained mutation: You are weak. (Str -2) [mutagenic meat]
  3192 | D        | Gained mutation: You have large cloven feet. [mutagenic meat]
  3193 | D        | Gained mutation: Your magical capacity is low (-10% MP). [mutagenic meat]
  3194 | D        | Gained mutation: You can translocate small distances at will. [mutagenic meat]
  3197 | D        | Lost mutation: Your magical capacity is low (-10% MP). [potion of cure mutation]
  3197 | D        | Lost mutation: Scrolls take you a little longer to read. [potion of cure mutation]
  3197 | D        | Lost mutation: Your body often deteriorates upon taking damage. [potion of cure mutation]
  3197 | D        | Lost mutation: You have large cloven feet. [potion of cure mutation]
  3197 | D        | Lost mutation: You can translocate small distances at will. [potion of cure mutation]
  3197 | D        | Lost mutation: Your body sometimes deteriorates upon taking damage. [potion of cure mutation]
  3197 | D        | Lost mutation: You are weak. (Str -2) [potion of cure mutation]
  3471 | D        | Noticed a smoke demon
  3471 | D        | Noticed a deep elf mage
  3471 | D        | Noticed a mummy priest
  3471 | D        | Noticed a blizzard demon
  3471 | D        | Noticed a bone dragon
  3471 | D        | Noticed a sun demon
  3471 | D        | Noticed a centaur
  3477 | D        | Killed a smoke demon
  3478 | D        | Killed a deep elf mage
  3486 | D        | Killed a mummy priest
  3489 | D        | Killed a sun demon
  3500 | D        | Killed a centaur
  3505 | D        | Killed a blizzard demon
  3505 | D        | Reached XP level 13. HP: 91/124 MP: 15/20
  3508 | D        | Killed a bone dragon
  3508 | D        | Reached skill level 19 in Armour
  3709 | D        | Noticed a wolf
  3709 | D        | Noticed a wolf
  3709 | D        | Noticed a death yak
  3709 | D        | Noticed a fire elemental
  3710 | D        | Noticed a wolf
  3710 | D        | Noticed an orc knight
  3710 | D        | Noticed an orc knight
  3710 | D        | Noticed an orc warlord
  3710 | D        | Noticed an orc warlord
  3711 | D        | Noticed an orc knight
  3711 | D        | Noticed an orc knight
  3711 | D        | Noticed an orc knight
  3711 | D        | Noticed an orc knight
  3711 | D        | Noticed an orc knight
  3712 | D        | Noticed a yaktaur
  3712 | D        | Noticed an orc knight
  3712 | D        | Killed a wolf
  3713 | D        | Killed a wolf
  3714 | D        | Noticed a yaktaur
  3714 | D        | Killed a wolf
  3717 | D        | Noticed a yaktaur
  3717 | D        | Killed a fire elemental
  3721 | D        | Killed a death yak
  3724 | D        | Noticed a yaktaur
  3724 | D        | Noticed a yaktaur captain
  3724 | D        | Killed an orc knight
  3727 | D        | Killed an orc knight
  3728 | D        | Noticed a yaktaur
  3730 | D        | Noticed a deep elf knight
  3732 | D        | Killed a yaktaur
  3735 | D        | Killed an orc knight
  3736 | D        | Noticed a yaktaur captain
  3740 | D        | Noticed a naga warrior
  3740 | D        | Killed an orc warlord
  3744 | D        | Killed an orc warlord
  3745 | D        | Noticed a yaktaur captain
  3745 | D        | Killed an orc knight
  3746 | D        | Noticed a deep troll
  3746 | D        | Noticed a deep troll
  3746 | D        | Noticed an orc knight
  3746 | D        | Noticed a deep elf knight
  3747 | D        | Noticed a vault guard
  3747 | D        | Noticed a deep troll earth mage
  3747 | D        | Noticed a deep elf knight
  3748 | D        | Noticed a yaktaur
  3748 | D        | Noticed a vampire
  3749 | D        | Noticed a deep elf knight
  3750 | D        | Noticed a deep troll
  3750 | D        | Noticed a deep troll
  3751 | D        | Noticed a deep troll shaman
  3752 | D        | Killed an orc knight
  3752 | D        | Killed an orc knight
  3752 | D        | Received a gift from Okawaru
  3753 | D        | Killed a yaktaur captain
  3753 | D        | Killed an orc knight
  3754 | D        | Killed a yaktaur
  3754 | D        | Killed an orc knight
  3755 | D        | Killed an orc knight
  3757 | D        | Killed a deep elf knight
  3757 | D        | Killed a deep elf knight
  3757 | D        | Reached skill level 15 in Fighting
  3757 | D        | Reached skill level 20 in Armour
  3758 | D        | Killed a deep troll
  3761 | D        | Killed a yaktaur
  3761 | D        | Killed a deep troll
  3767 | D        | Killed a deep troll
  3767 | D        | Killed a deep elf knight
  3767 | D        | Killed a yaktaur
  3769 | D        | Killed a deep elf knight
  3770 | D        | Killed a vampire
  3770 | D        | Killed a naga warrior
  3774 | D        | Killed a deep troll
  3774 | D        | Killed a deep troll shaman
  3774 | D        | Received a gift from Okawaru
  3777 | D        | Killed a vault guard
  3777 | D        | Killed a deep troll earth mage
  3778 | D        | Killed a yaktaur captain
  3781 | D        | Killed a yaktaur captain
  3782 | D        | Killed a yaktaur
  3782 | D        | Received a gift from Okawaru
  3787 | D        | Killed a yaktaur
  3788 | D        | Noticed an earth elemental
  3796 | D        | Killed an earth elemental
  3858 | D        | Got a warped hand axe {god gift}
  3859 | D        | Identified the +3 hand axe of Untruth {freeze, +Blink rPois rC- Str+4} (Okawaru gifted it to you in the Dungeon)
  4099 | D        | Noticed a deep elf master archer
  4099 | D        | Noticed a fire giant
  4107 | D        | Killed a deep elf master archer
  4114 | D        | Killed a fire giant
  4114 | D        | Reached XP level 14. HP: 130/135 MP: 15/22
  4121 | D        | Noticed a large abomination
  4121 | D        | Noticed a kobold demonologist
  4122 | D        | Noticed a wolf spider
  4127 | D        | Killed a wolf spider
  4129 | D        | Killed a kobold demonologist
  4131 | D        | Killed a large abomination
  4139 | D        | Noticed an ettin
  4140 | D        | Noticed an ophan
  4149 | D        | Killed an ettin
  4158 | D        | Killed an ophan
  4158 | D        | Reached skill level 21 in Armour
  4178 | D        | Noticed a deep elf demonologist
  4178 | D        | Noticed a lindwurm
  4178 | D        | Noticed a hell hog
  4178 | D        | Noticed a great orb of eyes
  4178 | D        | Noticed a soul eater
  4178 | D        | Noticed a merfolk
  4178 | D        | Noticed a merfolk
  4178 | D        | Noticed a merfolk
  4179 | D        | Noticed an ogre
  4179 | D        | Noticed a merfolk impaler
  4180 | D        | Noticed Boris
  4181 | D        | Killed a soul eater
  4182 | D        | Noticed a hell hog
  4182 | D        | Noticed a hell hog
  4182 | D        | Noticed a hell hog
  4182 | D        | Noticed an ice dragon
  4182 | D        | Noticed an orc priest
  4182 | D        | Noticed an ice dragon
  4182 | D        | Noticed a merfolk
  4182 | D        | Noticed a dire flail of protection
  4183 | D        | Noticed an orc warrior
  4183 | D        | Noticed a four-headed hydra
  4184 | D        | Noticed a troll
  4185 | D        | Killed a hell hog
  4186 | D        | Noticed a balrug
  4186 | D        | Noticed a bone dragon
  4187 | D        | Noticed an orc warlord
  4187 | D        | Noticed an orc priest
  4189 | D        | Killed a great orb of eyes
  4190 | D        | Killed a merfolk
  4190 | D        | Received a gift from Okawaru
  4191 | D        | Noticed an orc warrior
  4192 | D        | Noticed an ancient lich
  4192 | D        | Killed a hell hog
  4193 | D        | Noticed a warg
  4198 | D        | Killed a hell hog
  4199 | D        | Killed a 14-headed hydra
  4217 | D        | Killed an ice dragon
  4221 | D        | Killed a lindwurm
  4221 | D        | Killed a dire flail of protection
  4222 | D        | Noticed an Ice Fiend
  4229 | D        | Killed a bone dragon
  4233 | D        | HP: 1/138 [something (6)]
  4233 | D        | Slain by Boris

Vault maps used:
D:        pitsprint

Action                   |  1- 3 |  4- 6 |  7- 9 | 10-12 | 13-15 || total
-------------------------+-------+-------+-------+-------+-------++-------
Melee: War axe           |    23 |    59 |    81 |   289 |   137 ||   589
Invok: Heroism           |       |     2 |     5 |     6 |     3 ||    16
       Finesse           |       |       |     1 |     5 |     3 ||     9
  Use: Potion            |       |       |       |     7 |    11 ||    18
       Scroll            |       |       |       |     6 |     1 ||     7
 Stab: Petrified         |       |       |       |     3 |       ||     3
       Petrifying        |       |       |       |     2 |       ||     2
       Invisible         |       |       |       |       |     6 ||     6
  Eat: Chunk             |       |     1 |     4 |     6 |       ||    11
       Bread ration      |       |       |     1 |     1 |     1 ||     3
       Beef jerky        |       |       |       |     1 |       ||     1
